 Dungeon Crawl Stone Soup version 0.30-a0-782-ge64f9170bb (webtiles) character file.

Game seed: 6476910238199861694

770 funkygono the Covered (level 7, -5/62 HPs)
             Began as a Minotaur Fighter on Mar 14, 2023.
             Was an Initiate of Okawaru.
             Slain by Prince Ribbit (16 damage)
             ... on level 5 of the Dungeon.
             The game lasted 00:06:00 (3606 turns).

funkygono the Covered (Minotaur Fighter)            Turns: 3606, Time: 00:06:00

Health: -5/62      AC:  6    Str: 23    XL:     7   Next: 53%
Magic:  6/6        EV: 10    Int:  5    God:    Okawaru [......]
Gold:   322        SH:  4    Dex:  9    Spells: 6/6 levels left

rFire   . . .      SeeInvis .    q - +2 hand axe "Urybler" {flame, *Noise rElec rPois Stlth-}
rCold   + . .      Faith    .    c - +0 buckler
rNeg    . . .      Spirit   .    b - +0 scale mail
rPois   +          Reflect  .    (helmet restricted)
rElec   +          Harm     .    (no cloak)
rCorr   .          Rampage  .    e - +1 pair of gloves
Will    .....                    (no boots) Stlth
                                 (no amulet)
HPRegen 0.30/turn                v - ring of protection from cold
MPRegen 0.10/turn                (no ring)

@: corroded
A: horns 2, retaliatory headbutt
a: Renounce Religion


You were on level 5 of the Dungeon.
You worshipped Okawaru.
Okawaru was noncommittal.
You visited 2 branches of the dungeon, and saw 6 of its levels.
You also visited: Sewer.

You collected 322 gold pieces.

Inventory:

Hand Weapons
 a - a +0 war axe
 q - the +2 hand axe "Urybler" (weapon) {flame, *Noise rElec rPois Stlth-}
   (You found it on level 3 of the Dungeon)

   rElec:     It insulates you from electricity.
   rPois:     It protects you from poison.
   *Noise:    It may make noises in combat.
   Stlth:     It makes you less stealthy.
Armour
 b - a +0 scale mail (worn)
 c - a +0 buckler (worn)
 e - a +1 pair of gloves (worn)
Jewellery
 v - a ring of protection from cold (left hand)
Wands
 j - a wand of paralysis (9)
 w - a wand of digging (5)
 A - a wand of polymorph (3)
Scrolls
 g - a scroll of noise {unknown}
 k - a scroll of blinking {unknown}
 m - 3 scrolls of identify {unknown}
 o - a scroll of torment {unknown}
 t - 2 scrolls of teleportation {unknown}
 x - 2 scrolls of fear {unknown}
 y - a scroll of amnesia {unknown}
Potions
 d - 3 potions of might
 f - 2 potions of magic {unknown}
 h - 4 potions of mutation {unknown}
 i - 2 potions of curing {unknown}
 l - a potion of attraction {unknown}
 n - a potion of heal wounds {unknown}
 p - a potion of brilliance {unknown}
 r - a potion of resistance {unknown}
 s - a potion of cancellation {unknown}
 u - 2 potions of invisibility {unknown}
 z - a potion of haste {unknown}


   Skills:
 + Level 5.9 Fighting
 + Level 6.0 Axes
 + Level 6.5 Armour
 + Level 2.9 Dodging
 + Level 0.2 Stealth
 + Level 4.3 Shields


You had 6 spell levels left.
You didn't know any spells.
Your spell library contained the following spells:

 Spells                   Type           Power      Damage    Failure   Level
 Magic Dart               Conj           0%         1d3       85%         1
 Lesser Beckoning         Tloc           0%         N/A       94%         2
 Searing Ray              Conj           0%         2d4       94%         2
 Sublimation of Blood     Necr           0%         N/A       94%         2
 Gell's Gravitas          Tloc           0%         N/A       99%         3
 Teleport Other           Tloc           0%         N/A       99%         3
 Fulminant Prism          Conj/Hex       0%         3d5       100%        4
 Petrify                  Tmut/Erth      0%         N/A       100%        4
 Irradiate                Conj/Tmut      0%         3d11      100%        5
 Summon Small Mammal      Summ           Unusable   N/A       N/A         1
 Call Canine Familiar     Summ           Unusable   N/A       N/A         3
 Summon Guardian Golem    Hex/Summ       Unusable   N/A       N/A         3

Dungeon Overview and Level Annotations

Branches:
Dungeon (5/15)             Temple (1/1) D:5           Sewer (visited)

Altars:
Ashenzari
Cheibriados
Elyvilon
Fedhas
Gozag
Hepliaklqana
Kikubaaqudgha
Makhleb
Nemelex Xobeh
Okawaru
Qazlal
Trog
Uskayaw
Vehumet
Wu Jian
Xom
Zin
The Shining One

Annotations:
D:5 Prince Ribbit


Innate Abilities, Weirdness & Mutations

You have a pair of horns on your head.
You reflexively headbutt those who attack you in melee.


Message History

Prince Ribbit is lightly wounded.
You slash the jelly! You burn the jelly. The acid corrodes you!
Your hands burn!
Prince Ribbit hits you but does no damage.
The jelly hits you.
You are splashed with acid!
You closely miss Prince Ribbit.
Prince Ribbit is lightly wounded.
You hit the jelly. You burn the jelly.
You kill the jelly!
Okawaru accepts your kill. Prince Ribbit hits you. Prince Ribbit hits you!
* * * LOW HITPOINT WARNING * * *
You hit Prince Ribbit. You burn Prince Ribbit.
Prince Ribbit is lightly wounded.
Prince Ribbit blinks!
Prince Ribbit croaks regally.
The dart slug briefly extends its eye-stalks.
The dart slug launches a dart at you.
The slug dart hits you but does no damage.
You hit the dart slug. You burn the dart slug.
The dart slug is moderately wounded.
The dart slug launches a dart at you. The slug dart hits you.
* * * LOW HITPOINT WARNING * * *
Prince Ribbit blinks!
You hit the dart slug. You burn the dart slug.
The dart slug is severely wounded.
The dart slug launches a dart at you. The slug dart hits you.
* * * LOW HITPOINT WARNING * * *
You slash the dart slug! You burn the dart slug.
You kill the dart slug!
Okawaru accepts your kill.
Prince Ribbit blinks!
There is an open gate here.
Prince Ribbit closely misses you.
You miss Prince Ribbit. Your headbutt misses Prince Ribbit.
Prince Ribbit is lightly wounded.
Prince Ribbit hits you!
You die...

...#....#≈≈#.#.#.#J#.#.#.#
##.#....##≈§#§..#.#.#†.§#§
#.#.....##§§#.#.#.#.#.#≈≈#
#........##§≈#...#...#≈≈##
####.###..##≈≈#.#.#†#≈§##
#.# ...##≈≈#§..#≈≈## #.#
#### #≈≈...≈≈## #####.#
###F''### ......# ##@...#
#####.# ##+#..#### #.#
###....## #####.#
##......##### ......#
#...........#
......###.####.####.#
........+.##.....##
.#....###.#.......#
.......##.#.......#.#


You could see Prince Ribbit.

Vanquished Creatures
  An ogre (D:5)
  A phantom (D:5)
  A scorpion (D:5)
  A howler monkey (D:5)
  An orc priest (D:4)
  8 jellies
  2 orc wizards (D:4)
  9 adders
  3 worms
  2 dart slugs
  6 orcs
  11 ball pythons
  4 bats
  11 endoplasms
  7 giant cockroaches
  6 goblins
  4 hobgoblins
  6 jackals
  6 kobolds
  4 quokkas
  5 frilled lizards
  10 rats
109 creatures vanquished.

Notes
Turn   | Place    | Note
-------+----------+-------------------------------------------
     0 | D:1      | funkygono the Minotaur Fighter began the quest for the Orb.
     0 | D:1      | Reached XP level 1. HP: 19/19 MP: 0/0
   184 | D:1      | Reached XP level 2. HP: 27/27 MP: 1/1
   719 | D:2      | Reached XP level 3. HP: 33/33 MP: 2/2
  1343 | D:3      | Found a glowing silver altar of Zin.
  1446 | D:3      | Identified the +2 hand axe "Urybler" {flame, *Noise rElec
                  | rPois Stlth-}
  1471 | D:3      | Reached XP level 4. HP: 41/41 MP: 3/3
  1474 | D:3      | Found a glowing drain.
  1484 | Sewer    | Entered a sewer
  1590 | Sewer    | Reached XP level 5. HP: 10/47 MP: 4/4
  1718 | Sewer    | Reached skill level 1 in Dodging
  1804 | Sewer    | Found a viscous altar of Jiyva.
  2034 | D:3      | Reached skill level 5 in Fighting
  2355 | D:4      | Reached XP level 6. HP: 56/56 MP: 5/5
  2421 | D:4      | Reached skill level 5 in Axes
  2631 | D:4      | Found a burning altar of Makhleb.
  2631 | D:4      | Found a stormy altar of Qazlal.
  2745 | D:4      | Reached skill level 5 in Armour
  3047 | D:5      | Entered Level 5 of the Dungeon
  3179 | D:5      | Found a staircase to the Ecumenical Temple.
  3188 | Temple   | Entered the Ecumenical Temple
  3247 | Temple   | Became a worshipper of Warmaster Okawaru
  3331 | D:5      | Reached XP level 7. HP: 62/62 MP: 6/6
  3490 | D:5      | Found an ornate altar of the Wu Jian Council.
  3574 | D:5      | Noticed Prince Ribbit
  3606 | D:5      | Slain by Prince Ribbit

Illustrated notes

Levels and vault maps discovered:
D:1:      tarquinn_simple_flora_water_c, layout_loops_ring
D:2:      layout_rooms, serial_curves, eino_curves_04, eino_curves_02,
          minmay_strange_pillars
D:3:      layout_basic, amcnicky_altar_gilded, portal_sewer_entry_e,
          chequers_serial_rivers_room_a
D:4:      layout_basic, mainiacjoe_overflow_large_starburst, minmay_surrounded
D:5:      layout_loops_corners, old_standard_altar,
          minmay_temple_entry_junction_2, kennysheep_cluttered_room,
          uniq_prince_ribbit1
Temple:   zaba_magenta_temple

Skill      XL: |  1  2  3  4  5  6  7 |
---------------+----------------------+-----
Fighting       | 4 5 |  5.9
Armour         | 4 6 |  6.5
Shields        | 4 |  4.3
Axes           | 3 4 5 6 |  6.0
Dodging        | 1 2 |  2.9
Stealth        | |  0.2

Action                     |  1- 3 |  4- 6 |  7- 9 || total
---------------------------+-------+-------+-------++-------
  Melee: War axe           |    83 |       |       ||    83
         Headbutt          |     9 |    16 |     4 ||    29
         Hand axe          |     6 |   114 |    25 ||   145
  Evoke: Wand              |       |     1 |       ||     1
 Armour: Scale mail        |    49 |    42 |     5 ||    96
  Dodge: Dodged            |    42 |    43 |     6 ||    91
  Block: Buckler           |    21 |    22 |     3 ||    46

Table legend: (Time is in decaauts)
 A = Elapsed time spent in this place.
 B = Non-inter-level travel time spent in this place.
 C = Inter-level travel time spent in this place.
 D = Time resting spent in this place.
 E = Time spent auto-exploring this place.
 F = Levels seen in this place.
 G = Mean time per level.
                   A        B        C        D        E       F      G
               +--------+--------+--------+--------+--------+-----+--------+
         Total |   3685 |   3609 |     76 |      0 |   2843 |   7 |  526.4 |
       Dungeon |   3145 |   3070 |     75 |      0 |   2447 |   5 |  629.0 |
        Temple |     76 |     76 |      0 |      0 |     50 |   1 |   76.0 |
         Sewer |    463 |    463 |      0 |      0 |    345 |   1 |  463.0 |
               +--------+--------+--------+--------+--------+-----+--------+

Top non-repeatable levels by time:
     D:3: 757 daAuts
     D:4: 705 daAuts
     D:1: 691 daAuts
     D:2: 507 daAuts
     D:5: 484 daAuts
   Sewer: 463 daAuts
  Temple: 76 daAuts
